 Dungeon Crawl Stone Soup version 0.18-b1-22-ge198996 (webtiles) character file.

219 shmeve the Bolt Thrower (level 5, -10/32 HPs)
             Began as a Gargoyle Hunter on May 4, 2016.
             Was an Initiate of Okawaru.
             Killed by nerve-wracking pain
             ... invoked by an orc priest
              (11 damage)
             ... on level 4 of the Dungeon.
             The game lasted 00:06:40 (2458 turns).

shmeve the Bolt Thrower (Gargoyle Hunter)           Turns: 2458, Time: 00:06:41

Health: -10/32     AC: 17    Str: 16    XL:     5   Next: 96%
Magic:  5/5        EV:  7    Int: 12    God:    Okawaru [......]
Gold:   123        SH:  0    Dex: 10    Spells: 0 memorised, 4 levels left

rFire  . . .     SeeInvis .     u - +0 hand axe (venom)
rCold  . . .     Gourm    .     v - +0 chain mail
rNeg   + . .     Faith    .     (no shield)
rPois  ∞         Spirit   .     s - +2 hat
rElec  +         Dismiss  .     t - +1 cloak
rCorr  .         Reflect  .     (no gloves)
SustAt .         Harm     .     (no boots)
MR     .....                    (no amulet)
Stlth  ..........               (no ring)
                                (no ring)

@: not resistant to hostile enchantments, extremely unstealthy
A: negative energy resistance 1, electricity resistance, unbreathing,
petrification resistance, rot immunity, AC +4
a: Renounce Religion


You were on level 4 of the Dungeon.
You worshipped Okawaru.
Okawaru was noncommittal.
You were not hungry.

You visited 1 branch of the dungeon, and saw 4 of its levels.

You collected 123 gold pieces.

Inventory:

Hand Weapons
 a - a +1 hand crossbow
 u - a +0 hand axe of venom (weapon)
Missiles
 d - 20 bolts
Armour
 s - a +2 hat (worn)
 t - a +1 cloak (worn)
 v - a +0 chain mail (worn)
Wands
 h - a wand of digging (14/24)
Scrolls
 i - 3 scrolls of identify {unknown}
 k - a scroll of fog {unknown}
 m - a scroll of magic mapping {unknown}
 n - a scroll of remove curse {unknown}
 r - a scroll of fear {unknown}
Potions
 b - a potion of resistance {unknown}
 c - a potion of degeneration {unknown}
 e - 2 potions of lignification {unknown}
 g - a potion of magic {unknown}
 j - 2 potions of flight {unknown}
 o - 3 potions of curing {unknown}
 p - a potion of cancellation {unknown}
 q - a potion of haste {unknown}
 w - a potion of might {unknown}
 x - a potion of ambrosia {unknown}
Comestibles
 f - 3 bread rations
 l - 2 royal jellies


   Skills:
 * Level 3.4 Fighting
 * Level 1.7 Axes
 * Level 4.7 Crossbows
 * Level 2.6 Armour
 + Level 2.0 Dodging
 - Level 2.2 Stealth
 + Level 0.4 Invocations


You had 4 spell levels left.
You didn't know any spells.

Dungeon Overview and Level Annotations

Branches:
Dungeon (4/15)
 Temple: D:4-7

Altars:
Elyvilon
Kikubaaqudgha
Okawaru
Sif Muna
Zin

Annotations:
D:4 schep's ghost, novice HuFi


Innate Abilities, Weirdness & Mutations

You are resistant to torment.
Your stone body is resilient (AC +4).
You are immune to poison.
You resist negative energy.
You are resistant to electric shocks.
You can survive without breathing.
You are immune to petrification.
You are immune to rotting.


Message History

Schep's ghost is lightly damaged.
The orc shouts!
You hit the centaur skeleton.
Your chain mail prevents you from hitting the orc.
The centaur skeleton hits you but does no damage.
The orc moves out of view.
The orc hits you with a morningstar.
* * * LOW HITPOINT WARNING * * *
Schep's ghost hits you but does no damage.
The centaur skeleton hits you but does no damage.
Drink which item? (? for menu, Esc to quit)
Okay, then.
Unknown command.
You hit schep's ghost but do no damage.
Schep's ghost is lightly damaged.
You hit the centaur skeleton. You hit the orc but do no damage.
Schep's ghost hits you.
* * * LOW HITPOINT WARNING * * *
The orc priest mumbles some strange prayers to Beogh against you.
Pain shoots through your body!
You die...

#.#....#.#.#.(# #.##.
#.#......#.#..# #.##.
#.#..#...#.#..####.##.
.........#....(..##.
#............######.
##.#.#.........# ##
######.#.#.###≈###.....
......Z#...#.#≈#. ...##
......W@.###.#≈#.# #.#
.......o.....#≈#... .#
.........###.#≈#.### #
.#######.. #.#≈#.#
#.#.###≈### #.#oo #..
.. ... ###


You could see an orc priest, schep's ghost, 2 orcs and a centaur skeleton.

Vanquished Creatures
  A hound (D:3)
  A worker ant (D:4)
  Robin (D:3)
  4 adders
  3 gnolls (D:2)
  2 oozes
  A worm (D:3)
  2 dart slugs
  A giant gecko (D:4)
  5 orcs
  3 giant cockroaches
  11 goblins
  10 hobgoblins
  7 kobolds
  A quokka (D:2)
  A ball python (D:2)
  6 bats
  3 giant gecko skeletons (D:4)
  2 giant newts
  9 rats
74 creatures vanquished.

Notes
Turn   | Place    | Note
--------------------------------------------------------------
     0 | D:1      | shmeve the Gargoyle Hunter began the quest for the Orb.
     0 | D:1      | Reached XP level 1. HP: 12/12 MP: 1/1
   526 | D:1      | Reached XP level 2. HP: 18/18 MP: 2/2
   745 | D:2      | Found a faded altar to an unknown god.
   761 | D:2      | Reached XP level 3. HP: 22/22 MP: 3/3
   762 | D:2      | Reached skill level 1 in Armour
   846 | D:2      | Reached XP level 4. HP: 27/27 MP: 4/4
   923 | D:2      | Reached skill level 1 in Axes
  1365 | D:3      | Found a white marble altar of Elyvilon.
  1365 | D:3      | Found an iron altar of Okawaru.
  1365 | D:3      | Found an ancient bone altar of Kikubaaqudgha.
  1365 | D:3      | Found a glowing silver altar of Zin.
  1365 | D:3      | Found a deep blue altar of Sif Muna.
  1374 | D:3      | Became a worshipper of Warmaster Okawaru
  1439 | D:3      | Reached XP level 5. HP: 22/32 MP: 5/5
  1848 | D:3      | Noticed Robin
  1867 | D:3      | Killed Robin
  2448 | D:4      | Noticed schep's ghost (novice HuFi)
  2458 | D:4      | HP: 1/32 [schep's ghost (3)]
  2458 | D:4      | Killed from afar by an orc priest

Skill      XL: |  1  2  3  4  5 |
---------------+----------------+-----
Armour         | 1 2 |  2.6
Axes           | 1 |  1.7
Fighting       | 3 |  3.4
Stealth        | 2 |  2.2
Dodging        | 2 |  2.0
Crossbows      | |  4.7
Invocations    | |  0.4

Action                   |  1- 3 |  4- 6 || total
-------------------------+-------+-------++-------
Melee: Hand axe          |       |   106 ||   106
 Fire: Hand crossbow     |    45 |    47 ||    92
 Stab: Sleeping          |       |     1 ||     1
  Eat: Chunk             |       |     5 ||     5
Armor: Leather armour    |     5 |    39 ||    44
       Chain mail        |       |    54 ||    54
Dodge: Dodged            |     4 |    62 ||    66
